 Dungeon Crawl Stone Soup version 0.25-a0-578-gc91f01c39c (webtiles) character file.

Game seed: 15088072762895602490, levelgen mode: deterministic

154 An17 the Insei (level 5, -2/25 HPs)
             Began as a Vine Stalker Transmuter on Mar 6, 2020.
             Killed by divine providence
             ... invoked by an orc priest
              (6 damage)
             ... on level 3 of the Dungeon.
             The game lasted 00:05:18 (1916 turns).

An17 the Insei (Vine Stalker Transmuter)            Turns: 1916, Time: 00:05:18

Health: -2/25      AC:  2    Str: 12    XL:     5   Next: 36%
Magic:  0/11       EV: 20    Int: 14    God:
Gold:   161        SH:  0    Dex: 20    Spells: 1/11 levels left

rFire    . . .     SeeInvis .     - Unarmed
rCold    . . .     Gourm    .   (shield currently unavailable)
rNeg     . . .     Faith    .   (armour currently unavailable)
rPois    x         Spirit   +   (helmet currently unavailable)
rElec    .         Reflect  .   (cloak currently unavailable)
rCorr    .         Harm     .   (gloves currently unavailable)
MR       .....                  (boots currently unavailable)
Stlth    ++........             (no amulet)
HPRegen  0.48/turn              (no ring)
MPRegen  0.12/turn              (no ring)

@: spider-form (expiring)
A: tiny, regeneration 1, magic shield, no potion heal 3, rot immunity
a: End Transformation


You were on level 3 of the Dungeon.
You were not hungry.
You were a venomous arachnid creature.
You visited 1 branch of the dungeon, and saw 3 of its levels.

You collected 161 gold pieces.

Inventory:

Missiles
 a - 11 arrows
Armour
 b - a +0 chain mail
 c - a +0 scale mail
 f - a +0 ring mail
 g - a +0 leather armour
 j - a +0 robe of magic resistance (melded)
 k - a cursed +0 pair of boots (melded)
Wands
 m - a wand of enslavement (11)
Scrolls
 h - a scroll of blinking
Potions
 e - 2 potions of curing {unknown}
 i - a potion of heal wounds {unknown}
 l - a potion of haste {unknown}
Comestibles
 d - a ration


   Skills:
 + Level 1.0 Fighting
 + Level 2.0 Dodging
 + Level 0.8 Stealth
 + Level 4.1 Unarmed Combat
 + Level 3.5 Spellcasting
 + Level 2.9 Transmutations


You had one spell level left.
You knew the following spells:

 Your Spells              Type           Power        Failure   Level  Hunger
a - Beastly Appendage     Tmut           ##....       17%         1    #......
b - Sticks to Snakes      Tmut           ##......     24%         2    ##.....
c - Spider Form           Tmut/Pois      #.........   54%         3    ###....
d - Ice Form              Ice/Tmut       #.......     88%         4    #####..

Your spell library contained the following spells:

 Spells                   Type           Power        Failure   Level  Hunger
 Blade Hands              Tmut           ##........   95%         5    ######.


Dungeon Overview and Level Annotations

Branches:
Dungeon (3/15)

Altars:


Innate Abilities, Weirdness & Mutations

((You have extremely sharp teeth.))
Your natural rate of healing is unusually fast.
When hurt, damage is shared between your health and your magic reserves.
((Your bite disrupts and absorbs the magic of your enemies.))
Potions cannot restore your health.
You are immune to rotting.


Message History

The orc is moderately wounded.
The orc completely misses you.
You hit the orc.
You kill the orc!
You hit the orc priest.
The orc priest is poisoned.
The orc priest is moderately wounded.
The orc priest closely misses you.
You hit the orc priest but do no damage.
The orc priest looks as sick as possible!
The orc priest is moderately wounded.
You barely miss the orc priest.
The orc priest is moderately wounded.
The orc priest hits you with a +0 flail!
* * * LOW HITPOINT WARNING * * *
You bite the orc priest!
The orc priest looks as sick as possible!
The orc priest is almost dead.
The orc priest mumbles some strange prayers to Beogh against you.
Beogh smites you!
You die...

#>.######## #..#
#..##### #......#
#(###..# #.# #..#
#.# #..# #.# #..#
#s# #..# #o# #..#
#.###..##########.
#...o.o...........
#####.............
#..#######....
#.... ..... #..###
##.#.. #..# .....


You could see an orc priest.

Vanquished Creatures
  A water moccasin zombie (D:2)
  Jessica (D:2)
  3 adders
  3 dart slugs
  2 orcs
  A bat (D:1)
  A giant cockroach (D:2)
  6 goblins
  5 hobgoblins
  2 kobolds (D:2)
  2 quokkas
  A ball python (D:1)
  2 frilled lizards (D:3)
  2 rats
32 creatures vanquished.

Vanquished Creatures (collateral kills)
  An adder (D:2)
1 creature vanquished.

Grand Total: 33 creatures vanquished

Notes
Turn   | Place    | Note
-------+----------+-------------------------------------------
     0 | D:1      | An17 the Vine Stalker Transmuter began the quest for the
                  | Orb.
     0 | D:1      | Reached XP level 1. HP: 9/9 MP: 4/4
    88 | D:1      | Reached XP level 2. HP: 7/14 MP: 4/6
    92 | D:1      | Learned a level 2 spell: Sticks to Snakes
  1087 | D:2      | Reached XP level 3. HP: 17/17 MP: 5/8
  1092 | D:2      | Learned a level 3 spell: Spider Form
  1104 | D:2      | Noticed Jessica
  1109 | D:2      | Killed Jessica
  1191 | D:2      | Gained mutation: Your natural rate of healing is unusually
                  | fast. [Vine Stalker growth]
  1191 | D:2      | Reached XP level 4. HP: 18/21 MP: 6/9
  1341 | D:2      | Reached skill level 1 in Fighting
  1341 | D:2      | Reached skill level 4 in Unarmed Combat
  1341 | D:2      | Reached XP level 5. HP: 12/25 MP: 4/11
  1347 | D:2      | Learned a level 4 spell: Ice Form
  1916 | D:3      | Killed from afar by an orc priest

Levels and vault maps discovered:
D:1:      dpeg_arrival_shrine, layout_loops_ring, feat_on_display
D:2:      layout_basic, minmay_randomly_rotated_circles, uniq_jessica
D:3:      layout_loops_ring

Skill      XL: |  1  2  3  4 |
---------------+-------------+-----
Spellcasting   | 3 |  3.5
Fighting       | 1 |  1.0
Dodging        | 2 |  2.0
Unarmed Combat | 4 |  4.1
Stealth        | |  0.8
Transmutations | |  2.9

Action                   |  1- 3 |  4- 6 || total
-------------------------+-------+-------++-------
Melee: Unarmed           |    32 |    65 ||    97
       Bite              |     6 |    13 ||    19
       Kick              |     5 |     3 ||     8
       Headbutt          |     1 |     7 ||     8
 Cast: Beastly Appendage |    11 |     8 ||    19
       Sticks to Snakes  |     1 |       ||     1
       Spider Form       |       |     1 ||     1
  Use: Scroll            |     2 |     1 ||     3
 Stab: Sleeping          |     1 |     1 ||     2
  Eat: Ration            |       |     1 ||     1
Armor: Robe              |     7 |     6 ||    13
Dodge: Dodged            |    16 |    35 ||    51

Table legend:
 A = Non-vault XP
 B = Vault XP
 C = Vault XP percentage of total XP
 D = Non-vault monster count
 E = Vault monster count
 F = Vault count percentage of total count
                 A         B        C        D         E       F
            +---------+---------+-------+---------+---------+-------
      Total |     162 |      59 |  26.7 |      26 |       7 |  21.2
            +---------+---------+-------+---------+---------+-------
        D:1 |      22 |       0 |   0.0 |      10 |       0 |   0.0
        D:2 |     120 |      59 |  33.0 |      11 |       7 |  38.9
        D:3 |      20 |       0 |   0.0 |       5 |       0 |   0.0
            +---------+---------+-------+---------+---------+-------
